 Dungeon Crawl Stone Soup version 0.30-a0-859-gf88a04b62d (webtiles) character file.

Game seed: 6670207707460005579

142 M4edhros the Insei (level 5, -4/37 HPs)
             Began as an Octopode Chaos Knight on Mar 6, 2023.
             Was a Plaything of Xom.
             Slain by a gnoll
             ... wielding a +0 flail
              (7 damage)
             ... on level 4 of the Dungeon.
             The game lasted 00:02:01 (997 turns).

M4edhros the Insei (Octopode Chaos Knight)           Turns: 997, Time: 00:02:02

Health: -4/37      AC:  1    Str: 11    XL:     5   Next: 24%
Magic:  5/5        EV: 14    Int: 15    God:    Xom [..*...]
Gold:   161        SH:  0    Dex: 13    Spells: 4/4 levels left

rFire   . . .      SeeInvis .      - Unarmed
rCold   . . .      Faith    .    (no shield)
rNeg    . . .      Spirit   .    (helmet restricted)
rPois   .          Reflect  .    (no amulet)
rElec   .          Rampage  .    (no ring)
rCorr   .                        (no ring)
Will    .....                    (no ring)
Stlth   ++                       (no ring)
HPRegen 0.26/turn                (no ring)
MPRegen 0.09/turn                (no ring)
                                 (no ring)
                                 (no ring)

@: studying Unarmed Combat
A: almost no armour, amphibious, 8 rings, camouflage 1, gelatinous body 1,
(nimble swimmer 1), tentacles
a: Renounce Religion


You were on level 4 of the Dungeon.
You worshipped Xom.
You were a toy of Xom.
You visited 1 branch of the dungeon, and saw 4 of its levels.

You collected 161 gold pieces.

Inventory:

Hand Weapons
 h - a +0 dagger of protection
Scrolls
 a - a scroll of enchant armour {unknown}
 c - 2 scrolls of amnesia {unknown}
 e - 3 scrolls of identify {unknown}
 f - a scroll of poison {unknown}
 j - 2 scrolls of vulnerability {unknown}
 k - 2 scrolls of teleportation {unknown}
Potions
 i - a potion of flight {unknown}
Miscellaneous
 b - a piece from Xom's chessboard (15/15) (quivered)


   Skills:
 + Level 3.9 Fighting
 - Level 3.0 Maces & Flails
 + Level 3.4 Dodging
 * Level 4.6 Unarmed Combat


You had 4 spell levels left.
You didn't know any spells.
Your spell library was empty.

Dungeon Overview and Level Annotations

Branches:
Dungeon (4/15)
 Temple: D:4-7

Altars:

Shops:
D:4 :


Innate Abilities, Weirdness & Mutations

You cannot wear most types of armour.
You are amphibious.
You can wear up to eight rings at the same time.
Your skin changes colour to match your surroundings (Stealth+).
Your rubbery body absorbs attacks. (AC +1, EV +1)
((You are camouflaged when in or above water. (Stealth+)))
You have tentacles for arms and can constrict up to eight enemies at once.


Message History

The orc is poisoned. x3
The gnoll looks even sicker.
The orc looks even sicker. x2
Unknown command.
Unknown command.
You tentacle-slap the orc.
You kill the orc!
The gnoll looks even sicker. x2; The orc is poisoned.
The orc looks even sicker.
You kill the orc! x2
The gnoll hits you from afar with a +0 spear.
You have reached level 5!
You feel clever.
Your toxic aura wanes.
You kill the gnoll!
The orc hits you with a +0 whip. The gnoll barely misses you.
Unknown command.
The orc hits you with a +0 whip. The gnoll misses you.
Unknown command.
You closely miss the orc. Your grab misses the orc. You squeeze the orc.
You kill the orc!
The gnoll hits you from afar with a +0 spear!
The gnoll hits you with a +0 flail!
* * * LOW HITPOINT WARNING * * *
You emit a cloud of colourful smoke!
Unknown command.
You are too injured to fight recklessly!
Unknown command.
You are too injured to fight recklessly!
Okay, then.
Okay, then.
The gnoll attacks as you move away! The gnoll closely misses you.
You kill the gnoll!
Things that are here:
a +0 whip; a +0 leather armour Unknown command.
Unknown command.
You tentacle-slap the gnoll. You grab the gnoll.
The gnoll is severely wounded.
You constrict the gnoll.
The gnoll looks more healthy.
The gnoll hits you with a +0 flail!
You die...

..
#....#......#...#.........
#.#.......#####.##..##....
#.#.......# #...........
.#.#####...# #.............
#....#.#..####..........##.
..#.....{))#...............
#...#...))g§..##...........
#.....##g§...##.........#
#...#....#@........##.#..##
..#....>..##.....###....###
#...#...$..#....## #...##
..#.............# #.... #
..#...........# #....
..#..............##..## #
..#........##...
.#...........


g You could see 2 gnolls.

Vanquished Creatures
  A phantom (D:4)
  An adder (D:4)
  2 gnolls (D:4)
  4 orcs (D:4)
  2 bats
  2 endoplasms
  4 giant cockroaches
  4 goblins
  3 hobgoblins (D:1)
  3 kobolds (D:1)
  A quokka (D:4)
  4 ball pythons
  A frilled lizard (D:1)
32 creatures vanquished.

Vanquished Creatures (others)
  A kobold zombie (D:1)
1 creature vanquished.

Grand Total: 33 creatures vanquished

Notes
Turn   | Place    | Note
-------+----------+-------------------------------------------
     0 | D:1      | M4edhros the Octopode Chaos Knight began the quest for the
                  | Orb.
     0 | D:1      | Reached XP level 1. HP: 16/16 MP: 1/1
   225 | D:1      | Reached skill level 1 in Unarmed Combat
   225 | D:1      | Reached XP level 2. HP: 21/21 MP: 2/2
   483 | D:4      | Reached skill level 2 in Unarmed Combat
   494 | D:4      | Reached XP level 3. HP: 16/26 MP: 3/3
   640 | D:4      | Found Ricur's Tremendous Tomes.
   802 | D:4      | Noticed a phantom
   819 | D:4      | Killed a phantom
   820 | D:4      | Reached skill level 4 in Unarmed Combat
   820 | D:4      | Reached XP level 4. HP: 8/33 MP: 4/4
   925 | D:4      | XOM is BORED!
   979 | D:4      | XOM: divination: detect creatures
   990 | D:4      | XOM: cast spell 'Olgreb's Toxic Radiance'
   993 | D:4      | Reached XP level 5. HP: 29/37 MP: 5/5
   995 | D:4      | XOM: smoke on damage
   997 | D:4      | Slain by a gnoll

Illustrated notes

Levels and vault maps discovered:
D:1:      lightli_arrival_windingriver, layout_loops_ring
D:2:      layout_basic
D:3:      layout_rooms, nicolae_tso_swordbearing_angel, gammafunk_ghost_split
D:4:      layout_cave_pools, hex_large, nicolae_shop_i_like_big_books

Skill      XL: |  1  2  3 |
---------------+----------+-----
Unarmed Combat | 1 2 4 |  4.6
Dodging        | 3 |  3.4
Fighting       | |  3.9
Maces & Flails | |  3.0

Action                     |  1- 3 |  4- 6 || total
---------------------------+-------+-------++-------
  Melee: Unarmed           |    59 |     9 ||    68
         Mace              |     4 |       ||     4
         Tentacles         |    21 |     2 ||    23
         Constrict         |    13 |     3 ||    16
         Punch             |     1 |     1 ||     2
    Use: Potion            |       |     3 ||     3
   Stab: Sleeping          |     4 |     1 ||     5
 Armour: Skin              |     5 |     3 ||     8
  Dodge: Dodged            |    29 |    22 ||    51

Table legend: (Time is in decaauts)
 A = Elapsed time spent in this place.
 B = Non-inter-level travel time spent in this place.
 C = Inter-level travel time spent in this place.
 D = Time resting spent in this place.
 E = Time spent auto-exploring this place.
 F = Levels seen in this place.
 G = Mean time per level.
                   A        B        C        D        E       F      G
               +--------+--------+--------+--------+--------+-----+--------+
         Total |    993 |    981 |     12 |      0 |    579 |   4 |  248.2 |
       Dungeon |    993 |    981 |     12 |      0 |    579 |   4 |  248.2 |
               +--------+--------+--------+--------+--------+-----+--------+

Top non-repeatable levels by time:
     D:4: 516 daAuts
     D:1: 376 daAuts
     D:2: 95 daAuts
     D:3: 5 daAuts
